 Dungeon Crawl Stone Soup version 0.27.1-34-g3ba077fa99 (webtiles) character file.

Game seed: 15105728842819646331

109 Arum the Chopper (level 4, -4/40 HPs)
             Began as a Minotaur Gladiator on Jan 15, 2022.
             Slain by a gnoll (11 damage)
             ... on level 4 of the Dungeon.
             The game lasted 00:02:10 (2213 turns).

Arum the Chopper (Minotaur Gladiator)               Turns: 2213, Time: 00:02:10

Health: -4/40      AC:  3    Str: 24 (26) XL:     4   Next: 59%
Magic:  3/3        EV: 12    Int:  3 (5)  God:
Gold:   98         SH:  0    Dex: 10 (11) Spells: 3/3 levels left

rFire    . . .     SeeInvis .   a - +0 war axe
rCold    . . .     Faith    .   (no shield)
rNeg     . . .     Spirit   .   b - +0 leather armour
rPois    .         Reflect  .   c - +0 hat
rElec    .         Harm     .   (no cloak)
rCorr    +         Rampage  .   (no gloves)
Will     .....                  (no boots)
Stlth    ..........             (no amulet)
HPRegen  0.13/turn              e - +6 ring of strength
MPRegen  0.08/turn              j - ring of resist corrosion

@: confused
A: horns 2, retaliatory headbutt
a: no special abilities


You were on level 4 of the Dungeon.
You visited 1 branch of the dungeon, and saw 4 of its levels.

You collected 98 gold pieces.

Inventory:

Hand Weapons
 a - a +0 war axe (weapon)
Missiles
 d - 3 throwing nets (quivered)
Armour
 b - a +0 leather armour (worn)
 c - a +0 hat (worn)
Jewellery
 e - a +6 ring of strength (left hand)
 j - a ring of resist corrosion (right hand)
Scrolls
 f - a scroll of noise {unknown}
 g - 3 scrolls of vulnerability {unknown}
 h - 2 scrolls of torment {unknown}
 k - a scroll of identify {unknown}


   Skills:
 + Level 3.9 Fighting
 + Level 4.8 Axes
 - Level 2.0 Throwing
 + Level 4.3 Dodging


You had 3 spell levels left.
You didn't know any spells.
Your spell library was empty.

Dungeon Overview and Level Annotations

Branches:
Dungeon (4/15)
 Temple: D:4-7

Altars:
Hepliaklqana
Xom

Annotations:
D:4 Sigmund


Innate Abilities, Weirdness & Mutations

You have a pair of horns on your head.
You reflexively headbutt those who attack you in melee.


Message History

You resist with some effort. Sigmund gestures at you while chanting.
You are confused.
You bump into the rock wall.
It was a potion of degeneration.
There was something very wrong with that liquid.
You feel weakened.
You feel dopey.
You feel clumsy.
A gnoll comes into view. It is wielding a +0 spear.
Unknown command.
You are too confused!
A gnoll comes into view. It is wielding a +0 halberd.
The gnoll shouts!
The gnoll completely misses you.
Sigmund hits you from afar with a +0 scythe.
A gnoll comes into view. It is wielding a +0 club.
The gnoll barely misses you.
There is a stone staircase leading up here.
You feel less confused.
The gnoll shouts!
Sigmund gestures at you while chanting.
You are confused.
The gnoll hits you with a +0 halberd. Sigmund barely misses you.
The gnoll closely misses you.
The gnoll hits you from afar with a +0 halberd.
You closely miss the gnoll. You slash Sigmund! The gnoll barely misses you.
The gnoll hits you with a +0 spear. The gnoll barely misses you.
Sigmund hits you with a +0 scythe. The gnoll hits you but does no damage.
You barely miss the gnoll. You hit Sigmund. You closely miss the gnoll.
The gnoll hits you with a +0 spear! The gnoll misses you.
The gnoll hits you but does no damage.
Sigmund casts a spell.
Sigmund flickers and vanishes!
Deactivating autopickup; reactivate with Ctrl-A.
The gnoll completely misses you.
You closely miss something. Your headbutt misses something.
You barely miss the gnoll. You closely miss the gnoll. The gnoll misses you.
The gnoll hits you with a +0 club!
* * * LOW HITPOINT WARNING * * *
The gnoll hits you from afar with a +0 halberd!
You die...

...#...#
....#..
...#.####
.......#
.....#
#....# ...
##...##....
##.{@.g.....
#.<.gg...##.
#..g#....#
#..####.##
#### ... ...
.## ##


You could see 4 gnolls.

Vanquished Creatures
  2 adders (D:3)
  A worm (D:2)
  3 dart slugs
  5 orcs (D:3)
  8 bats
  9 endoplasms
  4 giant cockroaches
  6 goblins
  9 hobgoblins
  4 quokkas
  7 ball pythons
  4 frilled lizards (D:1)
  4 kobolds
  5 rats
71 creatures vanquished.

Notes
Turn   | Place    | Note
-------+----------+-------------------------------------------
     0 | D:1      | Arum the Minotaur Gladiator began the quest for the Orb.
     0 | D:1      | Reached XP level 1. HP: 18/18 MP: 0/0
    93 | D:1      | Reached XP level 2. HP: 25/25 MP: 1/1
   348 | D:1      | Reached XP level 3. HP: 31/31 MP: 2/2
   960 | D:2      | Found a faded altar of an unknown god.
  1686 | D:3      | Reached XP level 4. HP: 35/39 MP: 3/3
  1979 | D:3      | Found a shimmering altar of Xom.
  1980 | D:3      | Found a hazy altar of Hepliaklqana.
  1981 | D:3      | Noticed a spectral ugly thing
  2200 | D:4      | Noticed Sigmund
  2213 | D:4      | Slain by a gnoll

Illustrated notes

Levels and vault maps discovered:
D:1:      minmay_arrival_stone_box, layout_basic, minmay_misc_feat_alley
D:2:      layout_loops_cross, hellmonk_ecumenical_altar_inner_sanctum
D:3:      minmay_octagon_keep, layout_rooms, regret_index_temple_of_mockery,
          minmay_misc_feat_square
D:4:      layout_cave_pools, serial_shops, shop, nicolae_ossuary_entry_monument,
          hangedman_decor_clover_reticule, uniq_blork_the_orc, uniq_sigmund,
          uniq_pikel

Skill      XL: |  1  2  3 |
---------------+----------+-----
Axes           | 4 |  4.8
Fighting       | 3 |  3.9
Dodging        | 4 |  4.3
Throwing       | |  2.0

Action                   |  1- 3 |  4- 6 || total
-------------------------+-------+-------++-------
Melee: War axe           |    81 |    25 ||   106
       Headbutt          |    10 |     3 ||    13
  Use: Potion            |       |     1 ||     1
Armor: Leather armour    |    15 |     9 ||    24
Dodge: Dodged            |    55 |    30 ||    85
